 Dungeon Sprint DCSS version 0.22.0-21-g8bd1b0a (webtiles) character file.

1300000 poirepourri the Wrestler (level 13, -11/119 HPs)
             Began as a Ghoul Gladiator on Aug 19, 2018.
             Was a Follower of Makhleb.
             Mangled by a meat berserker
             ... wielding a +9 battleaxe
              (26 damage)
             ... in the Dungeon (Sprint VIII: "Arena of Blood").
             The game lasted 00:00:14 (13 turns).

poirepourri the Wrestler (Ghoul Gladiator)            Turns: 13, Time: 00:00:14

Health: -11/119    AC:  4    Str: 19    XL:     13   Next: 24%
Magic:  12/12      EV: 24    Int:  3    God:    Makhleb [*.....]
Gold:   0          SH:  0    Dex: 14    Spells: 12/12 levels left

rFire    . . .     SeeInvis .     - Unarmed
rCold    + . .     Gourm    .   (no shield)
rNeg     + + +     Faith    .   a - +0 leather armour
rPois    ∞         Spirit   .   b - +0 helmet
rElec    .         Reflect  .   (no cloak)
rCorr    .         Harm     .   (no gloves)
MR       .....     NoTele   +   (no boots)
Stlth    +.........             (no amulet)
HPRegen  0.00/turn              (no ring)
MPRegen  0.13/turn              (no ring)

@: rotting
A: rotting body, claws 1, carnivore, cold resistance 1, negative energy
resistance 3, inhibited regeneration, torment resistance, unbreathing
a: Renounce Religion


You were in the Dungeon.
You worshipped Makhleb.
Makhleb was aware of your devotion.
You were not hungry.

You visited 1 branch

Inventory:

Missiles
 c - 3 throwing nets (quivered)
Armour
 a - a +0 leather armour (worn)
 b - a +0 helmet (worn)
Scrolls
 j - a scroll of blinking
Potions
 e - a potion of curing
 f - a potion of heal wounds
 g - a potion of haste
 h - 2 potions of magic
 i - a potion of berserk rage
Comestibles
 d - a ration


   Skills:
 + Level 12.8 Fighting
 + Level 4.7 Axes
 + Level 11.0 Throwing
 + Level 1.3 Armour
 + Level 18.5 Dodging
 + Level 21.3 Unarmed Combat


You had 12 spell levels left.
You didn't know any spells.
Your spell library was empty.

Dungeon Overview and Level Annotations

Branches:
Dungeon (1/1)

Altars:
Makhleb


Innate Abilities, Weirdness & Mutations

Your body is rotting away.
You thrive on raw meat.
You are immune to poison.
You have sharp fingernails.
You are carnivorous and can eat meat at any time.
Your flesh is cold resistant. (rC+)
You are immune to negative energy. (rN+++)
You do not regenerate when monsters are visible.
You are immune to unholy pain and torment.
You can survive without breathing.


Message History

Your Armour skill increases to level 1!
Your Dodging skill gained 2 levels and is now at level 18!
Your Unarmed Combat skill gained 3 levels and is now at level 21!
You have reached level 13!
You hear a shout! x10
A bag of meat comes into view. It is wielding a +9 war axe.
You hear a shout! x5
A bag of meat comes into view. It is wielding a +9 war axe. x2
The meat berserker hits you with a +9 battleaxe!!!
You hear a shout! x4
The bag of meat hits you with a +9 war axe!!!
* * * LOW HITPOINT WARNING * * *
The bag of meat moves out of view.
You hear a shout!
Unknown command.
Press < or > to pray at altars.
You are now empty-clawed.
You drop the +∞ Axe of Woe.
You hear a shout! x4
The meat berserker hits you with a +9 battleaxe!!
You die...

..... .. #...
.# . #... ..#
..###... ..###.
......###......
....._......
#o....# #@O<._#
#o....#
....._......
......###......
..###..o ..###.
. #oo. ..# #.o.
.# ..... ..


You could see a meat berserker (berserk) and 6 bags of meat.

Vanquished Creatures
  2 orcs (D)
2 creatures vanquished.

Notes
Turn   | Place    | Note
-------+----------+-------------------------------------------
     0 | D        | Found the +∞ Axe of Woe
     0 | D        | poirepourri the Ghoul Gladiator began the quest for the Orb.
     0 | D        | Reached XP level 1. HP: 17/17 MP: 0/0
     4 | D        | Became a worshipper of Makhleb the Destroyer
     7 | D        | Noticed a bag of meat
     8 | D        | Noticed a bag of meat
     9 | D        | Noticed a meat berserker
    10 | D        | Noticed a bag of meat
    11 | D        | Killed a bag of meat
    11 | D        | Reached skill level 18 in Unarmed Combat
    11 | D        | Reached XP level 2. HP: 40/40 MP: 1/1
    11 | D        | Reached XP level 3. HP: 47/47 MP: 2/2
    11 | D        | Reached XP level 4. HP: 55/55 MP: 3/3
    11 | D        | Reached XP level 5. HP: 61/61 MP: 4/4
    11 | D        | Reached XP level 6. HP: 68/68 MP: 5/5
    11 | D        | Reached XP level 7. HP: 74/74 MP: 6/6
    11 | D        | Reached XP level 8. HP: 82/82 MP: 7/7
    11 | D        | Reached XP level 9. HP: 89/89 MP: 8/8
    11 | D        | Reached XP level 10. HP: 96/96 MP: 9/9
    11 | D        | Reached XP level 11. HP: 102/102 MP: 10/10
    11 | D        | Reached XP level 12. HP: 110/110 MP: 11/11
    11 | D        | Noticed a bag of meat
    11 | D        | Noticed a bag of meat
    11 | D        | Noticed a bag of meat
    12 | D        | Killed a bag of meat
    12 | D        | Reached * piety under Makhleb
    12 | D        | Reached skill level 1 in Armour
    12 | D        | Reached skill level 21 in Unarmed Combat
    12 | D        | Reached XP level 13. HP: 106/119 MP: 12/12
    12 | D        | Noticed a bag of meat
    12 | D        | Noticed a bag of meat
    12 | D        | Noticed a bag of meat
    13 | D        | Mangled by a meat berserker

Skill      XL: |  1  2  3  4  5  6  7  8  9 10 11 12 |
---------------+-------------------------------------+-----
Fighting       | 11 12 | 12.8
Axes           | 3 4 |  4.7
Throwing       | 9 11 | 11.0
Dodging        | 16 18 | 18.5
Unarmed Combat | 18 21 | 21.3
Armour         | 1 |  1.3

Action                   |  1- 3 |  4- 6 |  7- 9 | 10-12 | 13-15 || total
-------------------------+-------+-------+-------+-------+-------++-------
Melee: Executioner's axe |     1 |       |       |     1 |       ||     2
